[Event "*** Titled Tuesday Blitz"]
[Site "Chess.com"]
[Date "2020.03.03"]
[Round "5"]
[White "Dixit_Nikhil"]
[Black "Azeryahu"]
[Result "1/2-1/2"]
[WhiteElo "2546"]
[BlackElo "2839"]
[TimeControl "180+1"]
[EndTime "9:53:41 PST"]
[Termination "Game drawn - insufficient material"]

1. e4 e5 2. Nf3 Nc6 3. Nc3 Nf6 4. d4 exd4 5. Nxd4 Bb4 6. Nxc6 bxc6 7. Bd3 d5 8. exd5 O-O 9. O-O cxd5 10. Bg5 Be6 11. Qf3 Rb8 12. Bxf6 Qxf6 13. Qxf6 gxf6 14. Ne2 c5 15.
Ng3 c4 16. Bf5 Bd6 17. b3 Kg7 18. Rad1 Rb6 19. Rd4 Rd8 20. bxc4 dxc4 21. Nh5+ Kf8 22. Bxe6 Bxh2+ 23. Kxh2 Rxd4 24. Bh3 c3 25. Ng3 Rb2 26.
Rc1 Rd2 27. Bf5 Rxf2 28. Bd3 Rxa2 29. Ne4 Rf5 30. Nxc3 Rh5+ 31. Kg3 Ra3 32. Ne4 Rd5 33. Nf2 a5 34. Kf3 Rc3 35. Rb1 Kg7 36. Rb8 a4 37.
Ra8 Rd4 38. Ne4 Ra3 39. Ng3 Rdxd3+ 40. cxd3 Rxd3+ 41. Kf4 Rd4+ 42. Kf3 Rd3+ 43. Kg4 Rd4+ 44. Kh5 Rd5+ 45. Kh4 Rd4+ 46. Kh3 Rb4 47. Nf5+ Kg6 48. g4 Kg5 49. Rg8+ Kf4 50. Ra8 h5 51. Nh6 hxg4+ 52. Nxg4 f5 53. Nf2 Rb3+ 54. Kg2 a3 55. Ra4+ Ke3 56.
Nh3 Rb2+ 57. Kg3 a2 58. Nf4 Kd2 59. Nd5 Kc1 60. Nc3 Rb3 61. Rxa2 Rxc3+ 62. Kf4 Rc5 63. Ra7 f6 64. Rf7 Kd2 65. Rxf6 Kd3 66. Rxf5 Rxf5+ 67. Kxf5 1/2-1/2

[Event "*** Titled Tuesday Blitz"]
[Site "Chess.com"]
[Date "2020.03.03"]
[Round "5"]
[White "Ariadna_Atreides"]
[Black "WeAintSurePal"]
[Result "1/2-1/2"]
[WhiteElo "2122"]
[BlackElo "2300"]
[TimeControl "180+1"]
[EndTime "9:53:47 PST"]
[Termination "Game drawn by stalemate"]

1. d4 c6 2. Nf3 d5 3. c4 Nf6 4. Nbd2 a6 5. e3 Bg4 6. Be2 Nbd7 7. h3 Bxf3 8. Bxf3 e6 9. O-O Bd6 10. e4 dxe4 11. Nxe4 Nxe4 12. Bxe4 Qh4 13. Qf3 O-O 14. Rd1 Rae8 15. b3 e5 16. dxe5 Nxe5 17. Qf4 Qxf4 18. Bxf4 Nf3+ 19. Bxf3 Bxf4 20. g3 Be5 21. Rac1 Rd8 22.
Kf1 Rfe8 23. Rxd8 Rxd8 24. Rd1 Rxd1+ 25. Bxd1 Kf8 26. Bc2 g6 27. Ke2 Ke7 28. f4 Bc7 29. Kf3 Kd6 30. Ke4 Kc5 31. a3 b5 32. cxb5 cxb5 33.
g4 a5 34. f5 Bd6 35. fxg6 fxg6 36. h4 Bg3 37. h5 gxh5 38. gxh5 h6 39. a4 Be1 40.
axb5 Kxb5 41. Bd1 Kb4 42. Kf5 Kc3 43. Kg6 Bd2 44. Kg7 Bg5 45. Kg6 Kd2 46. Bf3 Kc2 47.
Bd5 Kd3 48. Bc4+ Kd4 49. Kg7 Kc5 50. Kg6 a4 51. bxa4 Kxc4 52. Kf5 Kd3 53. Kg4 Ke2 54. Kh3 Kf1 55. Kh2 Bf4+ 56. Kh1 Bb8 57. a5 Ba7 58. a6 Kf2 59. Kh2 Kf3 60. Kh3 Kf4 61. Kh4 Bf2+ 62.
Kh3 Kg5 63. a7 Bxa7 64. Kg2 Kxh5 65. Kh1 Kh4 66. Kg2 Kg4 67. Kh1 Bb8 68. Kg2 Kh4 69. Kh1 Kh3 70. Kg1 Be5 71. Kh1 Bf6 72. Kg1 Bh4 73.
Kh1 Be1 74. Kg1 Bf2+ 75. Kh1 Bg3 76. Kg1 Kg4 77. Kh1 Kf3 78. Kg1 Be5 79. Kh1 Bb2 80.
Kg1 Bc1 81. Kh1 h5 82. Kh2 Kg4 83. Kh1 Kh4 84. Kh2 Bf4+ 85. Kh1 Bg3 86. Kg2 Kg4 87. Kg1 Kh3 88. Kh1 Be1 89. Kg1 h4 90.
Kh1 Bg3 91. Kg1 Bh2+ 92. Kh1 Kg3 1/2-1/2

[Event "*** Titled Tuesday Blitz"]
[Site "Chess.com"]
[Date "2020.03.03"]
[Round "5"]
[White "GadimbayliA"]
[Black "vladimirdamjanovic"]
[Result "1/2-1/2"]
[WhiteElo "2898"]
[BlackElo "2644"]
[TimeControl "180+1"]
[EndTime "9:53:49 PST"]
[Termination "Game drawn - insufficient material"]

1. e4 c5 2. Nf3 d6 3. d4 cxd4 4. Nxd4 Nf6 5. Nc3 g6 6. Be3 Bg7 7. f3 Nc6 8. Qd2 h5 9. O-O-O Bd7 10. Nb3 a5 11. a4 Rc8 12. Kb1 Ne5 13. Qf2 Rxc3 14.
bxc3 Bxa4 15. Bb6 Qc8 16. Bxa5 O-O 17. Be2 Nfd7 18. Qd4 Bxb3 19. cxb3 Nc6 20. Qa4 Nc5 21. Qb5 Nxa5 22. Qxa5 Nxb3 23. Qb4 Nc5 24. Kc2 Qe6 25. Bc4 Qf6 26. Rhe1 Rc8 27. Re3 Qg5 28. Re2 Nd7 29.
g3 h4 30. f4 Qc5 31. Qxc5 Rxc5 32. Bd3 Rxc3+ 33. Kd2 Nc5 34. Bc2 hxg3 35. e5 Rf3 36.
exd6 exd6 37. hxg3 Rxg3 38. Re8+ Bf8 39. Ra1 Kg7 40.
Raa8 Rg2+ 41. Kc3 Ne6 42. f5 Rg3+ 43. Kb2 Nc7 44. Rxf8 Nxa8 45. Rxa8 gxf5 46. Bxf5 Kf6 47. Bc2 Ke5 48. Rb8 f5 49. Re8+ Kf4 50. Rf8 Rg5 51. Rb8 Kg3 52. Rxb7 f4 53. Rb3+ f3 54. Be4 Kf4 55.
Bc6 Rg3 56. Rb4+ Kg5 57. Rb5+ Kf4 58. Rb4+ Kg5 59. Rb3 Kf4 60. Bb5 f2 61. Rb4+ Kg5 62. Rd4 Rg1 63. Rd5+ Kf4 64. Rxd6 Ke3 65. Re6+ Kd4 66.
Rf6 Rg2 67. Kb3 Rg3+ 68. Kb4 Ke3 69. Re6+ Kf4 70. Rf6+ Ke3 71. Bc4 Rg4 72. Re6+ Re4 73. Rf6 Rf4 74. Re6+ Kf3 75. Kb3 Rxc4 76. Kxc4 f1=Q+ 77. Kd5 Qe2 78. Rxe2 Kxe2 1/2-1/2

[Event "*** Titled Tuesday Blitz"]
[Site "Chess.com"]
[Date "2020.03.03"]
[Round "5"]
[White "MarcoRiehle"]
[Black "vladislavkovalev"]
[Result "0-1"]
[WhiteElo "2743"]
[BlackElo "2898"]
[TimeControl "180+1"]
[EndTime "9:53:51 PST"]
[Termination "vladislavkovalev won by resignation"]

1. e4 e5 2. Nf3 Nc6 3. Bc4 Nf6 4. Ng5 d5 5. exd5 Na5 6. Bb5+ c6 7. dxc6 bxc6 8. Be2 h6 9. Nh3 Bd6 10. d3 O-O 11.
O-O c5 12. Bf3 Rb8 13. Nc3 c4 14. Kh1 cxd3 15. Qxd3 Be6 16. Rd1 Bc5 17. Qxd8 Rfxd8 18. Rxd8+ Rxd8 19. Kg1 Nc4 20. Be2 Nd2 21. a3 a5 22. Na4 Ba7 23. Nc3 g5 24. b4 g4 25.
bxa5 gxh3 26. a6 Bc8 27. gxh3 e4 28. Kg2 e3 29. fxe3 Bxe3 30. Bb2 Bd7 31. Rd1 Bc6+ 32. Kg3 Rb8 33. Bc1 Nfe4+ 34. Nxe4 Nxe4+ 35. Kh4 Bg5+ 36. Bxg5 hxg5+ 37. Kh5 Kg7 38. Rg1 f5 39. Rxg5+ Nxg5 40. Kxg5 Re8 41. Bd3 Rf8 42. Kf4 Kf6 43.
Bxf5 Bb5 44. h4 Bxa6 45. Be4 Bc8 46. h5 Be6 47. h6 Rc8 48. h4 Rc3 49. h7 Kg7 50. h5 Rxa3 51. h6+ Kh8 52. Ke5 Ba2 53. Kd4 Ra4+ 54. c4 Rxc4+ 55. Ke5 Rc7 56. Kf4 Bb3 57. Ke5 Bc2 58. Bd5 Bxh7 59. Kd6 Ra7 60. Ke5 Bg8 61.
Be4 Re7+ 62. Kf4 Bh7 63. Bd5 Re8 64. Kg5 Rf8 65. Be6 Bg8 66. Bf5 Rd8 67. Bg4 Rd5+ 68.
Kf6 Rd6+ 69. Kg5 Bh7 70. Bf3 Rg6+ 71. Kh5 Rg3 72. Bd5 Rg1 73. Be6 Bg6+ 74. Kh4 Kh7 0-1

[Event "*** Titled Tuesday Blitz"]
[Site "Chess.com"]
[Date "2020.03.03"]
[Round "5"]
[White "FedaMaster"]
[Black "farzadbfd"]
[Result "0-1"]
[WhiteElo "2421"]
[BlackElo "2630"]
[TimeControl "180+1"]
[EndTime "9:53:52 PST"]
[Termination "farzadbfd won by checkmate"]

1. e4 c5 2. Nf3 e6 3. d4 cxd4 4. Nxd4 Nc6 5. Nc3 Qc7 6. Be3 a6 7. Be2 Nf6 8. a3 b5 9. Nb3 Ne5 10. O-O Bb7 11. f3 Nc4 12. Bxc4 bxc4 13. Nd4 Be7 14.
Qe1 O-O 15. Rd1 Rfd8 16. Kh1 d5 17. exd5 Nxd5 18. Nxd5 Bxd5 19. Ne2 Qe5 20. Bd4 Qf5 21. Nc3 Qxc2 22. Qe3 Qf5 23. Rd2 Rd7 24. Rfd1 Bg5 25. Qf2 Bxd2 26. Rxd2 Bc6 27. Be3 Rxd2 28. Bxd2 Rd8 29. h3 Qd3 30. Be3 Bd5 31. Bb6 Rc8 32. a4 h6 33. a5 Bb7 34. Qg3 Qd2 35. Kh2 Re8 36. Qc7 Bc8 37. Qxc4 Qxb2 38. Qc6 Rf8 39. Ne4 Qe5+ 40. Kg1 Qd5 41. Qc7 Bb7 42. Nd6 Bc6 43. Nc8 Qd1+ 44. Kh2 Bb5 45. Ne7+ Kh8 46. Qc5 Qd7 47. Ng6+ fxg6 48. Qxf8+ Kh7 49. Qf4 Qd5 50. Bd4 Qd7 51. Qe5 Bc6 52. Kg3 Bd5 53. Kf2 Qf7 54. g4 h5 55. Qg5 Kg8 56. Qe3 hxg4 57. hxg4 g5 58. Kg3 Kh7 59. Be5 Qg6 60. Kf2 Qh6 61.
Kg3 Qh4+ 62. Kg2 Qxg4+ 63. Kf2 Qf5 64. Bg3 g4 65. f4 Qc2+ 66. Ke1 Qf5 67. Kd2 Qe4 68. Qb6 Qg2+ 69. Qf2 Qxf2+ 70. Bxf2 Kg6 71. Bd4 Kf5 72. Be5 Ke4 73. Ke2 g5 74. fxg5 Kxe5 75. g6 Kf6 76. g7 Kxg7 77. Kf2 Kg6 78. Kg3 Kg5 79. Kf2 e5 80. Ke3 Kf5 81. Kf2 Bf3 82.
Kg1 Kf4 83. Kf2 e4 84. Kg1 Kg3 85. Kf1 Be2+ 86. Kg1 Bd3 87. Kh1 e3 88. Kg1 e2 89.
Kh1 e1=Q# 0-1

[Event "*** Titled Tuesday Blitz"]
[Site "Chess.com"]
[Date "2020.03.03"]
[Round "5"]
[White "GameOverBro"]
[Black "SanchezKelvin"]
[Result "1-0"]
[WhiteElo "2568"]
[BlackElo "2328"]
[TimeControl "180+1"]
[EndTime "9:54:00 PST"]
[Termination "GameOverBro won on time"]

1. e4 c5 2. Ne2 Nc6 3. Nbc3 g6 4. d4 cxd4 5. Nxd4 Bg7 6. Nde2 Nf6 7. g3 O-O 8. Bg2 Rb8 9. a4 a6 10. O-O b5 11. axb5 axb5 12. Nd5 d6 13. c3 Nd7 14. Nd4 Nxd4 15. cxd4 e6 16. Nb4 Bb7 17. Be3 Qe7 18. Qd2 Rfc8 19. Ra7 Nb6 20. b3 Ra8 21. Rfa1 Rxa7 22.
Rxa7 Ra8 23. Rxa8+ Nxa8 24. f3 Qc7 25. Bf1 Qa5 26.
Qc3 Nc7 27. Bd2 Qb6 28. Be3 Qa5 29. Nd5 Qxc3 30. Nxc3 Bc6 31. Kf2 f5 32. Bd3 Kf7 33.
Ke2 Bf8 34. Na2 d5 35. e5 h6 36. h4 h5 37. Bd2 Na6 38. Ba5 Ba3 39. Ke3 Be7 40.
Kf4 Ke8 41. Nc3 Bb4 42. Bxb4 Nxb4 43. Bxb5 Bxb5 44. Nxb5 Nc2 45. Kg5 Kf7 46. g4 Kg7 47. gxh5 gxh5 48. Kxh5 Ne1 49. Nc7 Kf7 50. b4 Nxf3 51.
Nb5 Nd2 52. Kg5 Nf3+ 53. Kf4 Nxh4 54. Nd6+ Ke7 55. b5 Ng2+ 56. Kf3 Ne1+ 57. Ke2 Nc2 58. Kd3 Na3 59. b6 Kd7 60. b7 Kc7 61. Kc3 Nc4 62.
Ne8+ Kxb7 63. Ng7 Kc6 64. Nxe6 Kd7 65. Nf4 Kc6 66. Kb4 Ne3 67. Kb3 Nd1 68. Kc2 Ne3+ 69. Kd3 Nc4 70. Ke2 Nb6 71. Kf3 Kb5 72. Ne6 Kc4 73.
Kf4 Nd7 74. Kxf5 Nb6 75. Kf6 Na4 76. Ke7 Nc3 77. Kd6 Ne4+ 78. Kc6 Nc3 79. Nf4 Kxd4 80. e6 Ne4 81. e7 Nf6 82. Nxd5 Ke5 83. Nxf6 1-0

[Event "*** Titled Tuesday Blitz"]
[Site "Chess.com"]
[Date "2020.03.03"]
[Round "5"]
[White "JSPrepz"]
[Black "Omk124"]
[Result "1-0"]
[WhiteElo "2753"]
[BlackElo "2461"]
[TimeControl "180+1"]
[EndTime "9:54:02 PST"]
[Termination "JSPrepz won by checkmate"]

1. e4 c5 2. Nf3 d6 3. Nc3 Nf6 4.
e5 dxe5 5. Nxe5 a6 6. g3 e6 7.
Bg2 Bd6 8. Nc4 Bc7 9. d3 O-O 10. Be3 Nbd7 11. a4 Rb8 12. a5 Ne5 13. Bxc5 Re8 14.
O-O Nxc4 15. dxc4 Bxa5 16. Qxd8 Bxd8 17. Bd6 Ra8 18. Rfd1 Bb6 19. c5 Ba7 20. c6 Nd5 21. Nxd5 exd5 22. Bxd5 Bg4 23. cxb7 Rad8 24. Re1 Rxe1+ 25.
Rxe1 g6 26. b8=Q Bxb8 27. Bxb8 Rxd5 28. Bf4 Be6 29. Ra1 g5 30. Be3 Rb5 31. b3 Bc8 32. f4 gxf4 33. Bxf4 f6 34. Kf2 Kf7 35.
Ra3 Rb6 36. Be3 Rc6 37. c4 Be6 38. Ra5 Kg6 39. Bc5 Kf5 40. Kf3 Kg6 41. Bd4 h5 42.
Be3 Bg4+ 43. Kf2 Bd1 44. Ra3 Rd6 45. c5 Rc6 46. b4 Bg4 47. Rd3 Be6 48. Rd8 Bc4 49.
Bf4 Bb5 50. Bd6 Kf7 51. Ke3 Bc4 52. Rh8 Kg7 53. Rxh5 Bf7 54. Rh4 Rc8 55. Rg4+ Bg6 56.
Kd4 Kf7 57. h4 Re8 58. Rf4 Re1 59. c6 Rd1+ 60. Kc5 Rc1+ 61. Kb6 Ke6 62. Bc5 a5 63. c7 Kf7 64. c8=Q Kg7 65. Qf8+ Kh7 66. Qxf6 axb4 67. Qe7+ Kh6 68. Qg5+ Kh7 69. h5 Rxc5 70. Qxg6+ Kh8 71. Rf8# 1-0

[Event "*** Titled Tuesday Blitz"]
[Site "Chess.com"]
[Date "2020.03.03"]
[Round "5"]
[White "arjwezhrtdrz"]
[Black "ZWISCHENZUGGED"]
[Result "1-0"]
[WhiteElo "2130"]
[BlackElo "2541"]
[TimeControl "180+1"]
[EndTime "9:54:34 PST"]
[Termination "arjwezhrtdrz won by resignation"]

1. e4 c5 2. c3 e6 3. Nf3 Nc6 4. h3 d5 5. exd5 exd5 6. d4 Bd6 7. Be2 Nge7 8. O-O O-O 9. dxc5 Bxc5 10. Nbd2 Bb6 11.
Nb3 Bf5 12. Nbd4 Be4 13. Be3 Re8 14. Re1 Ng6 15. Qd2 Rc8 16. Ng5 Nxd4 17. Bxd4 Bxd4 18. Nxe4 dxe4 19. cxd4 Qd6 20. Bg4 Rcd8 21. Rad1 Qd5 22. b3 Kh8 23. Be2 f5 24. Bc4 Qd6 25. Qg5 Rf8 26.
h4 h6 27. Qg3 Qxg3 28. fxg3 Rd6 29. h5 Ne7 30. g4 fxg4 31. Rxe4 Nf5 32. Rf1 g3 33.
Ref4 Rdf6 34. Bd3 Ne7 35. Rxf6 Rxf6 36. Rxf6 gxf6 37. Be4 b6 38. Kf1 Nc8 39. Ke2 Nd6 40. Bd3 Kg7 41. Kf3 f5 42. Kxg3 Kf6 43. Kf4 Ke6 44. a4 a5 45. g3 Kf6 46. d5 Nf7 47.
Bxf5 Nd6 48. Bd3 Nf7 49. g4 Nd6 50. Bg6 Nc8 51. Ke4 Nd6+ 52. Kd4 Nb7 53. Bf5 Nd6 54.
Bd3 Nb7 55. Be2 Nd6 56. Kc3 Ne4+ 57. Kc4 Nd6+ 58. Kd4 Nf7 59. Kc4 Nd6+ 60. Kd4 Ne8 61. Bd3 Nd6 62. Bf5 Nf7 63. Be6 Nd6 64. Kc3 Nb7 65. b4 axb4+ 66. Kxb4 Ke5 67. Kb5 Nd6+ 68. Kxb6 Nc4+ 69. Kb5 Nd6+ 70. Kc6 Nc4 71. Kb7 Na5+ 72. Ka6 Nc4 73. Kb5 Kd6 74. a5 Na3+ 75. Kb6 Nc4+ 76. Ka6 Kc5 77. Kb7 Nd6+ 78. Kc7 Nb5+ 79. Kd7 Nd4 80. a6 Kb6 81. a7 Kxa7 82. Kc7 Nb5+ 83. Kc6 Nd4+ 84. Kd6 Kb6 85. Ke7 Nf3 86. Kf6 Ng5 87. Kg6 Kc5 88. Kxh6 Ne4 89. Kg6 Nd6 90. Kf6 Ne8+ 91. Ke7 Nd6 92. g5 Kd4 93. g6 1-0

[Event "*** Titled Tuesday Blitz"]
[Site "Chess.com"]
[Date "2020.03.03"]
[Round "5"]
[White "Abdimalik_Abdisalimov"]
[Black "agus_k"]
[Result "1-0"]
[WhiteElo "2806"]
[BlackElo "2629"]
[TimeControl "180+1"]
[EndTime "9:54:38 PST"]
[Termination "Abdimalik_Abdisalimov won by resignation"]

1. Nf3 Nf6 2. d4 g6 3. c4 Bg7 4.
g3 O-O 5. Bg2 d6 6. O-O Nc6 7.
Nc3 a6 8. Bf4 h6 9. Rc1 e6 10.
e4 Nd7 11. Qd2 Kh7 12. Rfd1 Qe7 13. b3 g5 14. Be3 f5 15. exf5 exf5 16. d5 Nce5 17.
Nd4 Nc5 18. Qc2 a5 19. h3 Kh8 20. Nde2 Ned7 21. Re1 Qf7 22. f4 Nf6 23. fxg5 hxg5 24. Bxg5 Nfe4 25. Bf4 Bd7 26. Kh2 Rae8 27. Nxe4 fxe4 28.
Rf1 Qg6 29. Nc3 Bf5 30. g4 Bxg4 31. hxg4 Rxf4 32. Rxf4 Be5 33. Rf1 Qxg4 34. Ne2 Nd3 35. Kg1 Nxf4 36. Nxf4 Bxf4 37. Qc3+ Kg8 38. Qh3 Qg5 39.
Qd7 Rf8 40. Qe6+ Kg7 41. Qxe4 Qg3 42. Rf3 Qh2+ 43. Kf1 Qh6 44. Bh3 Qf6 45. Be6 Qa1+ 46. Kg2 Qxa2+ 47. Rf2 Bd2 48. Qg4+ Kh6 49. Rxf8 Bg5+ 50.
Rf2 Qxb3 51. Qh3+ Qxh3+ 52. Kxh3 Be3 53. Ra2 Bb6 54. Kg4 Kg6 55. Kf4 Kf6 56. Ke4 Bc5 57. Bh3 Bb4 58. Bf1 b6 59. Bd3 Kg5 60. Bc2 Kg4 61. Ba4 Kg3 62. Bb5 Bc5 63. Kf5 Kf3 64. Ke6 Ke3 65. Kd7 Kd3 66. Kxc7 Kc3 67. Ra4 Kb3 68.
Kd7 Kc3 69. Ke6 Kb3 70. Kf5 Kc3 71. Kg4 Kb3 72. Kf3 Kc3 73. Kg2 Kb3 74. Ra1 Kb2 75.
Ra4 Kb3 76. Kf1 Kb2 77. Ke2 Kb3 78. Kd1 Kb2 79. Kd2 Kb3 80. Kc1 Kc3 81. Kb1 Kb3 82.
Ra2 Bd4 83. Rg2 Bc5 84. Rg3+ Kb4 85. Ka2 a4 86. Ra3 Bd4 87. Rxa4+ Kc5 88. Ra8 Bc3 89. Rc8+ Kb4 90. Rc6 1-0

[Event "*** Titled Tuesday Blitz"]
[Site "Chess.com"]
[Date "2020.03.03"]
[Round "5"]
[White "suyu28"]
[Black "AtabayevSaparmyrat"]
[Result "0-1"]
[WhiteElo "2573"]
[BlackElo "2779"]
[TimeControl "180+1"]
[EndTime "9:55:26 PST"]
[Termination "AtabayevSaparmyrat won on time"]

1. d4 Nf6 2. c4 e6 3. Nc3 d5 4. cxd5 Nxd5 5. e4 Nxc3 6. bxc3 c5 7. Nf3 cxd4 8. cxd4 Bb4+ 9. Bd2 Bxd2+ 10. Qxd2 O-O 11. Bc4 b6 12. O-O Bb7 13. Rfe1 Nd7 14. Rad1 Rc8 15. Bd3 Qc7 16. Bb1 Rfe8 17. h3 a5 18. d5 exd5 19.
exd5 Qd6 20. Rxe8+ Rxe8 21. Bc2 Nf6 22. Bb3 b5 23. a4 bxa4 24. Bxa4 Ra8 25. Bb3 a4 26. Ba2 g6 27. Qd4 a3 28. Ne5 Bxd5 29. Ng4 Nxg4 30. hxg4 Rd8 31. Qxd5 Qxd5 32. Rxd5 Rxd5 33. Bxd5 Kg7 34. g5 f6 35. gxf6+ Kxf6 36. Kh2 h5 37. Kg3 g5 38. Kh3 Ke5 39. Ba2 Kf4 40. Kh2 Ke4 41. Kg3 Kf5 42. Kf3 g4+ 43. Kg3 Kg5 44. Kh2 h4 45.
Bb1 Kf4 46. Ba2 Ke4 47. Kg1 Kf4 48. Kf1 Ke4 49. Bb3 Kd4 50. Ba2 Ke5 51. Bb1 Kf4 52.
Kg1 Ke5 53. Kh2 Kf4 54. Ba2 Kf5 55. Kh1 Ke4 56. Bf7 Ke5 57. Kg1 Kf6 58. Bb3 Kg5 59. Kf1 Kf4 60. Kg1 Ke4 61. Ba2 Kd4 62. Bb1 Kc3 63. Ba2 Kb2 64. Bg8 Kc3 65. Ba2 Kd4 66. Bg8 Kd3 67. Kh2 Ke2 68. Kg1 Kd3 69. Bf7 Kd4 70. Ba2 Ke4 71. Kf1 Ke5 72. Ke2 Kf4 73.
Kf1 Kg5 74. Kg1 Kf5 75. g3 h3 76. Kh2 Ke4 77. Kg1 Kf3 78. Bd5+ Ke2 79. Be6 Kd2 80. Bd5 Kc3 81. Be6 Kd4 82. Ba2 Kd3 83. Bb3 Kc3 84.
Bd5 Kb2 85. f4 gxf3 86. g4 Kc3 87. g5 Kd4 88. Ba2 Ke3 89. g6 f2+ 90. Kf1 h2 0-1

[Event "*** Titled Tuesday Blitz"]
[Site "Chess.com"]
[Date "2020.03.03"]
[Round "6"]
[White "Dave_ChessMate"]
[Black "Rubinstein_Akiba"]
[Result "1-0"]
[WhiteElo "2456"]
[BlackElo "2500"]
[TimeControl "180+1"]
[EndTime "9:57:34 PST"]
[Termination "Dave_ChessMate won by checkmate"]

1. e4 c5 2. Nc3 Nc6 3. Bb5 Nd4 4. Nf3 Nxb5 5. Nxb5 d6 6. d4 a6 7. Nc3 cxd4 8. Qxd4 Nf6 9. Bg5 Bg4 10. O-O-O e6 11.
e5 dxe5 12. Qa4+ Nd7 13. Bxd8 Bxf3 14. Qxd7# 1-0

[Event "*** Titled Tuesday Blitz"]
[Site "Chess.com"]
[Date "2020.03.03"]
[Round "6"]
[White "WeAintSurePal"]
[Black "Quiet_Desperation"]
[Result "1-0"]
[WhiteElo "2303"]
[BlackElo "2043"]
[TimeControl "180+1"]
[EndTime "9:57:35 PST"]
[Termination "WeAintSurePal won by resignation"]

1. d4 Nf6 2. Nc3 e6 3. e4 d5 4.
e5 Nfd7 5. Nce2 c5 6. c3 Nc6 7. Nf3 Be7 8. Nf4 O-O 9. Bd3 cxd4 10.
cxd4 Nb6 11. h4 f5 12. exf6 Bxf6 13. Ng5 g6 14. Nxh7 1-0

[Event "*** Titled Tuesday Blitz"]
[Site "Chess.com"]
[Date "2020.03.03"]
[Round "6"]
[White "Reshetkov"]
[Black "FelixJoseYnojosa"]
[Result "0-1"]
[WhiteElo "2546"]
[BlackElo "2689"]
[TimeControl "180+1"]
[EndTime "9:58:03 PST"]
[Termination "FelixJoseYnojosa won by resignation"]

1. d4 Nf6 2. c4 e6 3. Nc3 d5 4. cxd5 exd5 5. Bg5 c6 6. Qc2 Bd6 7. e3 O-O 8. Bd3 h6 9. Bh4 Re8 10. Nf3 Bg4 11. O-O-O b5 12. h3 Bxf3 13. gxf3 a5 14. Rhg1 a4 15. Bh7+ Kf8 16. Rg2 g5 17. Bg3 b4 18.
Bxd6+ Qxd6 19. Ne2 b3 0-1

[Event "*** Titled Tuesday Blitz"]
[Site "Chess.com"]
[Date "2020.03.03"]
[Round "6"]
[White "Region_07"]
[Black "SHIVACalypso"]
[Result "1-0"]
[WhiteElo "2397"]
[BlackElo "2186"]
[TimeControl "180+1"]
[EndTime "9:58:04 PST"]
[Termination "Region_07 won by resignation"]

1. d4 e6 2. Nf3 Nf6 3. Bg5 d5 4.
e3 Be7 5. Nbd2 O-O 6. Bd3 h6 7. Bh4 c5 8. c3 b6 9. Qe2 Bb7 10. Ne5 Nbd7 11. f4 Ne4 12. Bxe7 Qxe7 13. O-O f5 14. Ng6 Qf7 15. Nxf8 Rxf8 16. Nf3 g5 17. fxg5 hxg5 18. Bxe4 1-0

[Event "*** Titled Tuesday Blitz"]
[Site "Chess.com"]
[Date "2020.03.03"]
[Round "6"]
[White "Zkid"]
[Black "MarcoRiehle"]
[Result "0-1"]
[WhiteElo "2864"]
[BlackElo "2754"]
[TimeControl "180+1"]
[EndTime "9:58:14 PST"]
[Termination "MarcoRiehle won by resignation"]

1. e4 e5 2. Nf3 Nf6 3. Nxe5 Nxe4 4. Qe2 Qe7 5. Qxe4 d6 6. d4 dxe5 7. dxe5 Nc6 8. Bb5 Bd7 9. O-O O-O-O 10. Bf4 g5 11. Bg3 f5 12. Qa4 f4 13. Bxc6 Bxc6 14.
Qxa7 Qc5 15. Qa8+ Kd7 16. Rd1+ Bd6 17. Qa3 Qxe5 18. Nd2 fxg3 19. hxg3 Bxa3 20. Nc4+ Qd5 0-1

[Event "*** Titled Tuesday Blitz"]
[Site "Chess.com"]
[Date "2020.03.03"]
[Round "6"]
[White "Hubbery"]
[Black "karwowskikacper"]
[Result "1-0"]
[WhiteElo "2548"]
[BlackElo "2366"]
[TimeControl "180+1"]
[EndTime "9:58:56 PST"]
[Termination "Hubbery won by checkmate"]

1. b3 d5 2. Bb2 Bg4 3. Nf3 Bxf3 4. gxf3 e6 5. d3 Nf6 6. Nd2 Nc6 7. e3 g6 8. f4 Bg7 9. Be2 Nh5 10. Bxg7 Nxg7 11.
h4 h5 12. Nf3 Qf6 13. d4 Nf5 14. Qd2 O-O-O 15. a4 Kb8 16. b4 Nd6 17. Ne5 Ne4 18.
Nxc6+ bxc6 19. Qd3 Qe7 20. Rb1 Nd6 21. Qa6 Qd7 22.
b5 cxb5 23. Bxb5 Nxb5 24. Rxb5+ Ka8 25. Qb7# 1-0

[Event "*** Titled Tuesday Blitz"]
[Site "Chess.com"]
[Date "2020.03.03"]
[Round "6"]
[White "korbul"]
[Black "bugbug01052018"]
[Result "1/2-1/2"]
[WhiteElo "2534"]
[BlackElo "2272"]
[TimeControl "180+1"]
[EndTime "9:59:01 PST"]
[Termination "Game drawn by agreement"]

1. d4 Nf6 2. Nf3 c5 3. d5 e6 4. Nc3 exd5 5. Nxd5 Nxd5 6. Qxd5 d6 7. e4 Nc6 8. c3 Be6 9. Qd1 d5 10. exd5 Qxd5 11.
Qxd5 Bxd5 12. Be2 Be7 13. O-O O-O 14. Be3 Rad8 15. Rfd1 b6 16. h3 Bf6 17. Bf4 Na5 18.
Rd2 Nc4 19. Bxc4 Bxc4 20. a3 Rxd2 21. Nxd2 Bb5 22. Re1 Rd8 23. Ne4 Be7 24. Bg5 Bxg5 25. Nxg5 h6 26. Nf3 Bc6 27. Re7 Bxf3 28. gxf3 Rd2 29.
b4 Rc2 30. Rxa7 Rxc3 31. bxc5 Rxc5 32. Rb7 Rb5 1/2-1/2

[Event "*** Titled Tuesday Blitz"]
[Site "Chess.com"]
[Date "2020.03.03"]
[Round "6"]
[White "MaxLeto"]
[Black "ahachess"]
[Result "1-0"]
[WhiteElo "2402"]
[BlackElo "2206"]
[TimeControl "180+1"]
[EndTime "9:59:09 PST"]
[Termination "MaxLeto won by resignation"]

1. g4 d5 2. g5 e5 3. h4 Nc6 4. d3 Bc5 5. Nc3 Be6 6. Bg2 Qd7 7.
e4 Nge7 8. f4 exf4 9. Bxf4 O-O-O 10. Qd2 Bb4 11. a3 Ba5 12. b4 Bb6 13. Nge2 Ng6 14.
exd5 Bxd5 15. Nxd5 Qg4 16. Bh3 1-0

[Event "*** Titled Tuesday Blitz"]
[Site "Chess.com"]
[Date "2020.03.03"]
[Round "6"]
[White "Alexander_Moskalenko"]
[Black "Parhamov"]
[Result "0-1"]
[WhiteElo "2835"]
[BlackElo "3063"]
[TimeControl "180+1"]
[EndTime "9:59:26 PST"]
[Termination "Parhamov won by resignation"]

1. d4 Nf6 2. Bf4 g6 3. Nc3 Bg7 4. e4 d6 5. Qd2 a6 6. f3 b5 7.
h4 Bb7 8. O-O-O h5 9. Nh3 Nbd7 10. Ng5 e5 11. dxe5 dxe5 12. Be3 Qe7 13. Qf2 O-O 14. Be2 Rfd8 15. g4 c5 16. Nd5 Bxd5 17. exd5 c4 18.
Ne4 hxg4 19. Nxf6+ Nxf6 20. Bg5 c3 21. fxg4 Qb4 22.
bxc3 Qa3+ 23. Kb1 Ne4 24. Qe3 Nxc3+ 25. Qxc3 Qxc3 0-1

[Event "*** Titled Tuesday Blitz"]
[Site "Chess.com"]
[Date "2020.03.03"]
[Round "6"]
[White "lestri"]
[Black "bgfbfbgfbgfgf"]
[Result "1-0"]
[WhiteElo "2517"]
[BlackElo "2632"]
[TimeControl "180+1"]
[EndTime "9:59:28 PST"]
[Termination "lestri won by resignation"]

1. c4 Nf6 2. Nc3 c5 3. Nf3 g6 4. d4 Bg7 5. e4 d6 6. Be2 O-O 7.
O-O Bg4 8. d5 Na6 9. Ne1 Bxe2 10.
Qxe2 Nc7 11. Nd3 Nd7 12. Bf4 a6 13. a4 Rb8 14. a5 b5 15. axb6 Rxb6 16. Qd2 e5 17. Be3 f5 18. f3 f4 19. Bf2 Rb7 20. Rfb1 Qb8 21. Na4 Rb3 22. Nc1 Rb4 23. b3 Nb6 24.
Nxc5 dxc5 25. Bxc5 Nxc4 26. Qxb4 Qxb4 27. Bxb4 Ne3 28. Bxf8 Bxf8 29. Nd3 1-0

[Event "*** Titled Tuesday Blitz"]
[Site "Chess.com"]
[Date "2020.03.03"]
[Round "6"]
[White "Azeryahu"]
[Black "arjwezhrtdrz"]
[Result "1-0"]
[WhiteElo "2839"]
[BlackElo "2130"]
[TimeControl "180+1"]
[EndTime "9:59:29 PST"]
[Termination "Azeryahu won by resignation"]

1. Nf3 d6 2. b3 c6 3. Bb2 Nf6 4. Bxf6 exf6 5. c4 Bg4 6. e3 Nd7 7. Nc3 Be7 8. Be2 O-O 9. Nd4 Bxe2 10. Qxe2 g6 11. h4 h5 12. g4 hxg4 13. Qxg4 Ne5 14.
Qg3 Qd7 15. h5 Qg4 16. hxg6 fxg6 17. Qxg4 Nxg4 18. Ke2 f5 19. Rag1 Bf6 20. f3 Ne5 21. Nxf5 1-0

[Event "*** Titled Tuesday Blitz"]
[Site "Chess.com"]
[Date "2020.03.03"]
[Round "6"]
[White "vladislavkovalev"]
[Black "Eltaj_Safarli"]
[Result "1/2-1/2"]
[WhiteElo "2901"]
[BlackElo "3039"]
[TimeControl "180+1"]
[EndTime "9:59:30 PST"]
[Termination "Game drawn by agreement"]

1. e4 e5 2. Nf3 Nc6 3. Bb5 Nf6 4.
O-O Nxe4 5. Re1 Nd6 6. Nxe5 Be7 7.
Bf1 Nxe5 8. Rxe5 O-O 9. d4 Bf6 10. Re1 Re8 11. c3 Rxe1 12. Qxe1 Qe8 13. Qxe8+ Nxe8 14. a4 a5 15. Bf4 d5 16. Bd3 c6 17.
Nd2 Be7 18. Re1 Be6 19. Bf5 Bd6 20. Bxd6 Bxf5 21. Bf4 Nf6 22. f3 Re8 23. Rxe8+ Nxe8 24. Kf2 h5 25. Bb8 Bc2 26. Ba7 1/2-1/2

[Event "*** Titled Tuesday Blitz"]
[Site "Chess.com"]
[Date "2020.03.03"]
[Round "6"]
[White "Noam_Vitenberg"]
[Black "burbur555"]
[Result "1-0"]
[WhiteElo "2435"]
[BlackElo "2586"]
[TimeControl "180+1"]
[EndTime "9:59:37 PST"]
[Termination "Noam_Vitenberg won by resignation"]

1. d4 Nf6 2. c4 e6 3. Nf3 d5 4. Nc3 c6 5. e3 Nbd7 6. b3 Bd6 7. Bb2 Qe7 8. Bd3 O-O 9. O-O e5 10. dxe5 Nxe5 11. cxd5 Nxf3+ 12. gxf3 cxd5 13. Ne2 Bh3 14. Re1 Rac8 15. Ng3 Bb4 16. Re2 Bc3 17. Rc1 Bxb2 18. Rxb2 Rxc1 19. Qxc1 Rc8 20. Rc2 Rxc2 21.
Qxc2 g6 22. Qc3 Qd6 23. Bf1 Be6 24. f4 b6 25. Bg2 Qc5 26. Qxf6 1-0